 Dungeon Crawl Stone Soup version 0.30-a0-920-g7493c07aab (webtiles) character file.

Game seed: 7475683939851705065

172 dialectric the Covert (level 5, -5/26 HPs)
             Began as a Spriggan Brigand on Mar 21, 2023.
             Was an Initiate of Dithmenos.
             Killed from afar by Ijyb (19 damage)
             ... with a bolt of light
             ... on level 3 of the Dungeon.
             The game lasted 00:03:55 (2856 turns).

dialectric the Covert (Spriggan Brigand)            Turns: 2856, Time: 00:03:56

Health: -5/26      AC:  3    Str:  7    XL:     5   Next: 27%
Magic:  5/5        EV: 17    Int: 13    God:    Dithmenos [......]
Gold:   122        SH:  0    Dex: 16    Spells: 4/4 levels left

rFire   . . .      SeeInvis +    u - +10 quarterstaff of Gozag's Whim {freeze, rPois Will++ Str-2 Stlth+}
rCold   . . .      Faith    .    (shield currently unavailable)
rNeg    . . .      Spirit   .    b - +0 robe
rPois   +          Reflect  .    (helmet restricted)
rElec   .          Rampage  .    c - +0 cloak
rCorr   .          Clarity  +    (gloves unavailable)
Will    ++...                    (boots unavailable)
Stlth   +++++                    (no amulet)
HPRegen 0.24/turn                (no ring)
MPRegen 0.09/turn                (no ring)

@: very quick
A: very small, no large weapons, unfitting armour, see invisible, speed 3,
hooves 1, clarity, low MP 1
a: Renounce Religion


You were on level 3 of the Dungeon.
You worshipped Dithmenos.
Dithmenos was noncommittal.
You visited 1 branch of the dungeon, and saw 4 of its levels.

You collected 122 gold pieces.

Inventory:

Hand Weapons
 a - a +2 dagger
 u - the +10 quarterstaff of Gozag's Whim (weapon) {freeze, rPois Will++ Str-2 Stlth+}
   (You found it on level 2 of the Dungeon)

   Str:       It affects your strength (-2).
   rPois:     It protects you from poison.
   Will:      It greatly increases your willpower.
   Stlth:     It makes you more stealthy.
Missiles
 d - 17 poisoned darts (quivered)
 e - 3 curare-tipped darts
Armour
 b - a +0 robe (worn)
 c - a +0 cloak (worn)
Jewellery
 m - a +4 ring of slaying
 y - a ring of protection from cold
Wands
 v - a wand of flame (9)
Scrolls
 f - a scroll of fear {unknown}
 h - 2 scrolls of identify {unknown}
 i - 3 scrolls of teleportation {unknown}
 n - 5 scrolls of enchant weapon {unknown}
 o - a scroll of magic mapping {unknown}
 p - a scroll of enchant armour {unknown}
 s - a scroll of immolation {unknown}
 t - a scroll of poison {unknown}
Potions
 g - a potion of haste {unknown}
 j - 2 potions of brilliance
 k - 2 potions of mutation
 l - a potion of ambrosia {unknown}
 q - a potion of magic {unknown}
 r - a potion of invisibility {unknown}
 w - a potion of degeneration {unknown}
 x - a potion of might {unknown}


   Skills:
 + Level 1.9 Fighting
 + Level 2.8 Short Blades
 + Level 0.7 Staves
 - Level 2.0 Throwing
 + Level 2.5 Dodging
 * Level 8.8 Stealth


You had 4 spell levels left.
You didn't know any spells.
Your spell library was empty.

Dungeon Overview and Level Annotations

Branches:
Dungeon (4/15)
 Temple: D:4-7

Altars:
Dithmenos
Uskayaw

Annotations:
D:3 Ijyb


Innate Abilities, Weirdness & Mutations

You are very small and have problems with some larger weapons.
You are too small for most types of armour.
You have supernaturally acute eyesight. (SInv)
You cover ground extremely quickly. (Speed+++)
You have large cloven feet.
You possess an exceptional clarity of mind.
Your magical capacity is low. (-10% MP)


Message History

You start resting.
You feel a little less clever now.
Unknown command.
You start resting.
HP restored.
You open the door.
There is an open door here.
You open the door.
There is an open door here.
There is an open door here.
There is a stone staircase leading down here.
There is a stone staircase leading down here.
You climb downwards.
Level annotation: Ijyb
There is a stone staircase leading up here.
Unknown command.
Items here: )) [[.
You see here a +0 dagger.
Things that are here:
a +0 dagger; a +0 dagger Key pressed, stopping explore.
No target in view!
You see here 8 stones.
n - 5 scrolls labelled DASALABLOM (gained 1)
You see here 8 stones.
There is an open door here.
There is an open door here.
You see here a rat skeleton.
You see here a scroll labelled DASALABLOM.
Ijyb is nearby!
No target in view!
No target in view!
No target in view!
You closely miss Ijyb. Ijyb closely misses you.
You barely miss Ijyb.
Ijyb zaps a wand.
The bolt of light hits you!
Ouch! That really hurt!
You closely miss Ijyb. Your kick misses Ijyb.
Ijyb zaps a wand.
The bolt of light hits you!!
Ouch! That really hurt!
You die...

♣♣.♣ #..# ♣.♣♣ #..#
♣♣.♣ #..# ##)##
#..# #...# ## #..#
#...# ##.# ##.#
#).)# ##...# #.#
##### #.....###.#
#....[.g@.#
#.....###.# #.#...#
#.# ##.# #.# # #.#
#.#
########.##.#####?#
..................#
###########.#######
# #.#


You could see Ijyb.

Vanquished Creatures
  A hound (D:3)
  Crazy Yiuf (D:3)
  Natasha (D:2)
  Robin (D:3)
  A worm (D:2)
  2 dart slugs (D:1)
  3 orcs (D:3)
  5 endoplasms
  2 giant cockroaches
  11 goblins
  9 hobgoblins
  10 kobolds
  A quokka (D:2)
  11 ball pythons
  2 bats
  4 frilled lizards
  4 rats
69 creatures vanquished.

Vanquished Creatures (others)
  An orc (D:3)
  3 fungi (D:3)
  3 plants (D:3)
7 creatures vanquished.

Grand Total: 76 creatures vanquished

Notes
Turn   | Place    | Note
-------+----------+-------------------------------------------
     0 | D:1      | dialectric the Spriggan Brigand began the quest for the
                  | Orb.
     0 | D:1      | Reached XP level 1. HP: 10/10 MP: 2/2
    22 | D:1      | Reached skill level 6 in Stealth
    92 | D:1      | Reached XP level 2. HP: 6/14 MP: 3/3
   195 | D:1      | Reached skill level 7 in Stealth
   514 | D:1      | Reached XP level 3. HP: 17/18 MP: 4/4
   943 | D:2      | Noticed Natasha
   947 | D:2      | Killed Natasha
   954 | D:2      | Reached XP level 4. HP: 23/23 MP: 5/5
  1448 | D:2      | Reached skill level 8 in Stealth
  1449 | D:2      | Identified the +10 quarterstaff of Gozag's Whim {freeze,
                  | rPois Will++ Str-2 Stlth+}
  1735 | D:3      | Noticed Robin
  1793 | D:3      | Killed Robin
  1968 | D:3      | Reached XP level 5. HP: 26/26 MP: 6/6
  2045 | D:3      | Found a runed translucent door.
  2046 | D:3      | Noticed Crazy Yiuf
  2056 | D:3      | Killed Crazy Yiuf
  2248 | D:3      | Found a shadowy altar of Dithmenos.
  2252 | D:3      | Became a worshipper of Dithmenos the Shadowed
  2270 | D:3      | Found a hide-covered altar of Uskayaw.
  2354 | D:3      | Found a faded altar of an unknown god.
  2497 | D:3      | Noticed Ijyb
  2508 | D:3      | Gained mutation: Your magical capacity is low. (-10% MP)
                  | [potion of mutation]
  2508 | D:3      | Gained mutation: You possess an exceptional clarity of
                  | mind. [potion of mutation]
  2508 | D:3      | Gained mutation: You have large cloven feet. [potion of
                  | mutation]
  2546 | D:4      | Noticed a black bear
  2856 | D:3      | Killed from afar by Ijyb

Illustrated notes

Levels and vault maps discovered:
D:1:      dpeg_arrival_houses_and_road, layout_rooms
D:2:      minmay_wonky_spiral, layout_loops_corners, minmay_misc_feat_pillars,
          minivault_25, uniq_natasha
D:3:      layout_loops_ring, mainiacjoe_overflow_swirl,
          shapermc_ecumenical_altar_mp_urbaneastern, kennysheep_nondescript,
          uniq_robin, uniq_ijyb, uniq_crazy_yiuf_cottage
D:4:      layout_rooms, grunt_temple_overflow_gold_and_silver,
          kennysheep_mini_moat, minmay_temple_entry_glassed_door,
          amcnicky_mini_pool_small

Skill      XL: |  1  2  3  4 |
---------------+-------------+-----
Stealth        | 6 7 8 |  8.8
Dodging        | 2 |  2.5
Fighting       | |  1.9
Short Blades   | |  2.8
Staves         | |  0.7
Throwing       | |  2.0

Action                     |  1- 3 |  4- 6 || total
---------------------------+-------+-------++-------
  Melee: Dagger            |   113 |    23 ||   136
         Punch             |     2 |       ||     2
         Quarterstaff      |       |    49 ||    49
    Use: Potion            |       |     2 ||     2
   Stab: Sleeping          |    12 |     9 ||    21
 Armour: Robe              |     7 |     9 ||    16
  Dodge: Dodged            |    66 |    52 ||   118

Table legend: (Time is in decaauts)
 A = Elapsed time spent in this place.
 B = Non-inter-level travel time spent in this place.
 C = Inter-level travel time spent in this place.
 D = Time resting spent in this place.
 E = Time spent auto-exploring this place.
 F = Levels seen in this place.
 G = Mean time per level.
                   A        B        C        D        E       F      G
               +--------+--------+--------+--------+--------+-----+--------+
         Total |   1953 |   1872 |     81 |     72 |   1360 |   4 |  488.2 |
       Dungeon |   1953 |   1872 |     81 |     72 |   1360 |   4 |  488.2 |
               +--------+--------+--------+--------+--------+-----+--------+

Top non-repeatable levels by time:
     D:2: 786 daAuts
     D:3: 684 daAuts
     D:1: 479 daAuts
     D:4: 3 daAuts
